 Dungeon Crawl Stone Soup version 0.29.1-1-gd02db6906a (webtiles) character file.

Game seed: 17660604268698592147

6 brightshaft the Cutter (level 1, 14/14 HPs)
             Began as a Tengu Berserker on Sept 25, 2022.
             Was a Follower of Trog.
             Got out of the dungeon alive.
             The game lasted 00:00:59 (459 turns).

brightshaft the Cutter (Tengu Berserker)             Turns: 459, Time: 00:00:59

Health: 14/14      AC:  2    Str: 17    XL:     1   Next: 90%
Magic:  2/2        EV: 12    Int:  7    God:    Trog [*.....]
Gold:   30         SH:  0    Dex: 13    Spells: 0/0 levels left

rFire   . . .      SeeInvis .   a - +0 short sword
rCold   . . .      Faith    .   (no shield)
rNeg    . . .      Spirit   .   b - +0 animal skin
rPois   .          Reflect  .   (helmet restricted)
rElec   .          Harm     .   (no cloak)
rCorr   .          Rampage  .   (no gloves)
Will    .....                   (boots unavailable)
Stlth   +.........              (no amulet)
HPRegen 0.04/turn               (no ring)
MPRegen 0.08/turn               (no ring)

@: no status effects
A: beak, talons 3
a: Renounce Religion, Berserk


You escaped.
You worshipped Trog.
Trog was aware of your devotion.
You visited 1 branch of the dungeon, and saw 1 of its levels.

You collected 30 gold pieces.

Inventory:

Hand Weapons
 a - a +0 short sword (weapon)
Armour
 b - a +0 animal skin (worn)
Scrolls
 d - a scroll of teleportation {unknown}
 f - a scroll of fog {unknown}
 g - a scroll of identify {unknown}
Potions
 c - a potion of degeneration {unknown}
 e - a potion of curing {unknown}
 h - a potion of resistance {unknown}


   Skills:
 + Level 3.0 Fighting
 * Level 3.4 Short Blades
 + Level 2.3 Armour
 + Level 2.3 Dodging
 + Level 0.2 Stealth


You couldn't memorise any spells.
You didn't know any spells.
Your spell library was empty.

Dungeon Overview and Level Annotations

Branches:
Dungeon (1/15)

Altars:


Innate Abilities, Weirdness & Mutations

You have a beak for a mouth.
You have claws for feet.


Message History

No target in view!
No target in view!
You now have 13 gold pieces.
An endoplasm comes into view.
Found a stone staircase leading down.
You see here 11 gold pieces.
An endoplasm is nearby!
The endoplasm quivers.
The endoplasm misses you.
You hit the endoplasm but do no damage. You claw the endoplasm.
You kill the endoplasm!
Trog accepts your kill.
No target in view!
No target in view!
You now have 19 gold pieces (gained 6).
g - a scroll labelled LUPRUO AJIDEIJ You now have 30 gold pieces (gained 11).
A rat comes into view.
The rat moves out of view.
A rat is nearby!
You closely miss the rat. Your kick misses the rat. You peck the rat.
The rat is moderately wounded.
The rat bites you.
You hit the rat.
You kill the rat!
Trog accepts your kill.
No target in view!
No target in view!
You pick your way through the web.
There is a web here.
Found a faded altar of an unknown god.
No target in view!
You pick your way through the web.
There is a web here.
h - a fuming yellow potion You see here a hobgoblin skeleton.
You see here a +0 helmet.
There is a staircase leading out of the dungeon here.
Are you sure you want to leave the Dungeon?
This will make you lose the game!
You have escaped!

#.............#..##...§§§.......#
####.....####...##.....§.§.......
###.....#####.##........####...[
#.....#.......##......### ###..
##.###..#####.##......## ##. ...#
#....###.##.....## ##
.#######......##.....# # .....#
#.####.##....## #
.....###.####.#8@...#
..........#...##....#
########......##....## #
#.....###.....# # ###..##
#.....## ## #..# ##.....## ##.
#..# #......### ###.. ..##
##......§####.... ...#
##...§§........#


There were no monsters in sight!

Vanquished Creatures
  An endoplasm (D:1)
  A giant cockroach (D:1)
  A goblin (D:1)
  A hobgoblin (D:1)
  A rat (D:1)
5 creatures vanquished.

Notes
Turn   | Place    | Note
-------+----------+-------------------------------------------
     0 | D:1      | brightshaft the Tengu Berserker began the quest for the
                  | Orb.
     0 | D:1      | Reached XP level 1. HP: 14/14 MP: 2/2
   351 | D:1      | Found a faded altar of an unknown god.
   459 | D:$      | Got out of the dungeon alive.

Illustrated notes

Levels and vault maps discovered:
D:1:      heliophobic_arrival_dark_side_of_the_moon, layout_rooms,
          shapermc_ecumenical_altar_petra, serial_shops,
          nicolae_shop_bloodbath_and_beyond, chequers_serial_rivers_large_b

Action                   || total
-------------------------++-------
Melee: Short sword       ||    14
       Kick              ||     4
       Peck              ||     3
Armor: Animal skin       ||     2
Dodge: Dodged            ||     6
